 Dungeon Crawl Stone Soup version 0.27-a0-972-gd1521fd518 (webtiles) character file.

Game seed: 2556167461136683068

1395 Froggeryz the Frost Mage (level 8, -12/52 HPs)
             Began as a Mummy Ice Elementalist on Apr 14, 2021.
             Mangled by a wyvern zombie (15 damage)
             ... on level 5 of the Dungeon.
             The game lasted 00:10:41 (6109 turns).

Froggeryz the Frost Mage (Mummy Ice Elementalist)   Turns: 6109, Time: 00:10:41

Health: -12/52     AC:  9    Str: 11    XL:     8   Next: 41%
Magic:  16/16      EV: 12    Int: 17    God:
Gold:   265        SH:  0    Dex: 18    Spells: 11/18 levels left

rFire    x . .     SeeInvis .   j - +1 dagger (drain)
rCold    + + .     Faith    .   (no shield)
rNeg     + + +     Spirit   .   n - +0 robe {rC+}
rPois    ∞         Reflect  .   f - +1 helmet
rElec    .         Harm     .   (no cloak)
rCorr    .         Rampage  .   h - +0 pair of gloves
Will     +....                  (no boots)
Stlth    ++........             (no amulet)
HPRegen  0.17/turn              q - +4 ring of protection
MPRegen  0.15/turn              g - +6 ring of dexterity

@: about to teleport
A: cold resistance 1, negative energy resistance 3, torment resistance 2,
unbreathing 1, heat vulnerability 1, no potions
a: no special abilities


You were on level 5 of the Dungeon.
You visited 1 branch of the dungeon, and saw 5 of its levels.

You collected 310 gold pieces.
You spent 45 gold pieces at shops.

Inventory:

Hand Weapons
 j - a +1 dagger of draining (weapon)
Armour
 f - a +1 helmet (worn)
 h - a +0 pair of gloves (worn)
 n - a +0 robe of cold resistance (worn)
Jewellery
 a - an amulet of reflection
 g - a +6 ring of dexterity (right hand)
 l - a +4 ring of evasion
 p - a ring of flight
 q - a +4 ring of protection (left hand)
Wands
 m - a wand of digging (5)
 s - a wand of paralysis (5)
Scrolls
 b - a scroll of enchant armour
 c - a scroll of noise
 d - 3 scrolls of teleportation
 e - 3 scrolls of amnesia
 i - a scroll of vulnerability
 k - 2 scrolls of identify
 o - a scroll of fog
 r - 3 scrolls of silence
 t - a scroll of fear


   Skills:
 - Level 1.5 Dodging
 - Level 1.5 Stealth
 + Level 5.8 Spellcasting
 + Level 8.6 Ice Magic


You had 11 spell levels left.
You knew the following spells:

 Your Spells              Type           Power      Damage    Failure   Level
a - Freeze                Ice            100%       1d11      1%          1
b - Frozen Ramparts       Ice            68%        1d8       1%          3
c - Ozocubu's Armour      Ice            34%        N/A       1%          3

Your spell library contained the following spells:

 Spells                   Type           Power      Damage    Failure   Level
 Hailstorm                Conj/Ice       19%        3d6       22%         4
 Metabolic Englaciation   Hex/Ice        9%         N/A       52%         5


Dungeon Overview and Level Annotations

Branches:
Dungeon (5/15)
 Temple: D:4-7

Altars:
Makhleb
The Shining One

Shops:
D:5 *


Innate Abilities, Weirdness & Mutations

You are immune to poison.
Your flesh is cold resistant. (rC+)
You are immune to negative energy. (rN+++)
You are immune to unholy pain and torment.
You can survive without breathing.
You are vulnerable to heat. (rF-)
You do not drink.


Message History

You hit the wyvern zombie but do no damage.
The wyvern zombie is heavily damaged.
The wyvern zombie barely misses you.
The wyvern zombie bites you but does no damage.
You hit the wyvern zombie.
The wyvern zombie is heavily damaged.
The wyvern zombie closely misses you.
You hit the wyvern zombie but do no damage.
The wyvern zombie is heavily damaged.
The wyvern zombie bites you but does no damage.
You are too injured to fight recklessly!
You are too injured to fight recklessly!
You are too injured to fight recklessly!
You are too injured to fight recklessly!
You hit the wyvern zombie.
The wyvern zombie is heavily damaged.
The wyvern zombie bites you. The wyvern zombie closely misses you.
You hit the wyvern zombie.
The wyvern zombie is severely damaged.
The wyvern zombie misses you.
You hit the wyvern zombie.
The wyvern zombie is severely damaged.
The wyvern zombie barely misses you.
You hit the wyvern zombie.
The wyvern zombie is severely damaged.
The wyvern zombie closely misses you. x2
You hit the wyvern zombie but do no damage.
The wyvern zombie is severely damaged.
The wyvern zombie closely misses you.
You hit the wyvern zombie.
The wyvern zombie is almost destroyed.
The wyvern zombie bites you!
* * * LOW HITPOINT WARNING * * *
Your icy armour will break if you move.
Continue?
Your icy armour cracks and falls away as you move.
The wyvern zombie bites you!
* * * LOW HITPOINT WARNING * * *
As you read the scroll of teleportation, it crumbles to dust.
You feel strangely unstable. The wyvern zombie bites you!
You die...

##.....##..# # #.
##....'...###### #.
##...###.#...## #.
#####<#.#...## ###.
..######...#.....
##.#.
#......#.###.....
._..#######.'.#......(
#..#......#...###...
#.Z@.######.....+...
#...## ##.####...
#..## #.#...... #.##
#.#.#.... ## #.#.#.#'#
#.#.#.#.# #.....#.#
###.###.# #.# #.#


You could see a wyvern zombie.

Vanquished Creatures
  2 ice beasts
  An ogre (D:4)
  4 scorpions (D:5)
  A water moccasin zombie (D:5)
  A killer bee (D:5)
  2 jellies (D:4)
  A hound (D:4)
  2 orc priests
  A gnoll shaman (D:5)
  Jessica (D:2)
  4 orc wizards
  Natasha (thrice) (D:4)
  A hound zombie (D:5)
  4 hound skeletons
  A howler monkey skeleton (D:5)
  13 gnolls
  11 adders
  2 ufetubi
  2 adder skeletons (D:4)
  3 dart slugs
  7 orcs
  9 ball pythons
  3 bats
  An endoplasm (D:2)
  4 giant cockroaches
  8 hobgoblins
  7 jackals
  3 quokkas
  3 frilled lizards
  8 goblins
  13 kobolds
  6 rats
132 creatures vanquished.

Vanquished Creatures (others)
  2 plants (D:4)
2 creatures vanquished.

Grand Total: 134 creatures vanquished

Notes
Turn   | Place    | Note
-------+----------+-------------------------------------------
     0 | D:1      | Froggeryz the Mummy Ice Elementalist began the quest for
                  | the Orb.
     0 | D:1      | Reached XP level 1. HP: 13/13 MP: 4/4
   317 | D:1      | Reached XP level 2. HP: 19/19 MP: 2/5
   843 | D:1      | Reached skill level 4 in Ice Magic
   899 | D:1      | Reached XP level 3. HP: 17/24 MP: 2/7
  1869 | D:2      | Reached XP level 4. HP: 25/30 MP: 8/8
  2223 | D:2      | Noticed Jessica
  2232 | D:2      | Killed Jessica
  2233 | D:2      | Reached skill level 5 in Ice Magic
  2789 | D:3      | Reached XP level 5. HP: 35/35 MP: 7/9
  2831 | D:3      | Learned a level 3 spell: Frozen Ramparts
  2835 | D:3      | Learned a level 3 spell: Ozocubu's Armour
  2970 | D:3      | Found a burning altar of Makhleb.
  3053 | D:4      | Noticed an ice beast
  3109 | D:4      | Noticed an ogre
  3129 | D:4      | Killed an ogre
  3176 | D:4      | Noticed Natasha
  3184 | D:4      | Killed Natasha
  3185 | D:4      | Reached skill level 6 in Ice Magic
  3261 | D:4      | Reached XP level 6. HP: 40/41 MP: 10/10
  3274 | D:4      | Noticed Natasha
  3294 | D:4      | Killed Natasha
  3891 | D:4      | Reached skill level 7 in Ice Magic
  3893 | D:4      | Reached XP level 7. HP: 34/46 MP: 7/11
  3914 | D:4      | Noticed Natasha
  3931 | D:4      | Killed Natasha
  4417 | D:5      | Entered Level 5 of the Dungeon
  4642 | D:5      | Reached skill level 8 in Ice Magic
  4903 | D:5      | Reached XP level 8. HP: 52/52 MP: 6/14
  5317 | D:5      | Reached skill level 5 in Spellcasting
  5922 | D:5      | Found Inexus's General Store.
  5928 | D:5      | Bought a scroll of fear for 45 gold pieces
  6109 | D:5      | Mangled by a wyvern zombie

Illustrated notes

Levels and vault maps discovered:
D:1:      onia_arrival_handbag, layout_loops_cross, minivault_5, minmay_cupped
D:2:      layout_loops_ring, uniq_jessica
D:3:      layout_rooms, demons_altar
D:4:      layout_cave_pools, serial_bayou_pond_b, hangedman_decor_lopped,
          uniq_natasha
D:5:      cheibrodos_barr_body, layout_basic, nicolae_tso_swordbearing_angel,
          serial_shops, shop_statue, minmay_fountain_box, dk_noncrumbling_4

Skill      XL: |  1  2  3  4  5  6  7  8 |
---------------+-------------------------+-----
Ice Magic      | 4 5 6 7 8 |  8.6
Spellcasting   | 4 5 |  5.8
Dodging        | |  1.5
Stealth        | |  1.5

Action                   |  1- 3 |  4- 6 |  7- 9 || total
-------------------------+-------+-------+-------++-------
Melee: Unarmed           |    30 |       |       ||    30
       Dagger            |    19 |   122 |   178 ||   319
       Mace              |     1 |       |       ||     1
 Cast: Freeze            |    54 |    14 |    11 ||    79
       Frozen Ramparts   |       |     9 |     9 ||    18
       Ozocubu's Armour  |       |     2 |    10 ||    12
  Use: Scroll            |     3 |       |     5 ||     8
 Stab: Sleeping          |     3 |     4 |     1 ||     8
Armor: Robe              |    20 |    35 |    79 ||   134
Dodge: Dodged            |    54 |   110 |   135 ||   299

Table legend: (Time is in decaauts)
 A = Elapsed time spent in this place.
 B = Non-inter-level travel time spent in this place.
 C = Inter-level travel time spent in this place.
 D = Time resting spent in this place.
 E = Time spent auto-exploring this place.
 F = Levels seen in this place.
 G = Mean time per level.
                   A        B        C        D        E       F      G
               +--------+--------+--------+--------+--------+-----+--------+
         Total |   6111 |   5961 |    150 |    668 |   3990 |   5 | 1222.2 |
       Dungeon |   6111 |   5961 |    150 |    668 |   3990 |   5 | 1222.2 |
               +--------+--------+--------+--------+--------+-----+--------+

Top non-repeatable levels by time:
     D:1: 1641 daAuts
     D:4: 1519 daAuts
     D:5: 1495 daAuts
     D:2: 912 daAuts
     D:3: 544 daAuts
